 Dungeon Crawl Stone Soup version 0.27-a0-1378-gdefffd1ff6 (webtiles) character file.

Game seed: 2331505773015128278

123 ABBCCCDDDD the Skirmisher (level 4, -4/39 HPs)
             Began as a Palentonga Fighter on June 29, 2021.
             Slain by an orc (6 damage)
             ... on level 3 of the Dungeon.
             The game lasted 00:03:09 (3200 turns).

ABBCCCDDDD the Skirmisher (Palentonga Fighter)      Turns: 3200, Time: 00:03:09

Health: -4/39      AC:  6    Str: 20    XL:     4   Next: 80%
Magic:  4/4        EV:  5    Int:  9    God:
Gold:   88         SH:  9    Dex:  9    Spells: 3/3 levels left

rFire    . . .     SeeInvis +   a - +0 flail
rCold    . . .     Faith    .   c - +0 kite shield
rNeg     . . .     Spirit   .   b - +0 scale mail
rPois    .         Reflect  .   (no helmet)
rElec    .         Harm     .   l - scarf {+Inv}
rCorr    .         Rampage  .   (no gloves)
Will     .....                  (no barding)
Stlth    ..........             (no amulet)
HPRegen  0.13/turn              (no ring)
MPRegen  0.09/turn              (no ring)

@: mighty
A: large, rugged brown scales 3, see invisible, deformed body, roll 1, armoured
tail
a: Rolling Charge, Evoke Invisibility


You were on level 3 of the Dungeon.
You visited 1 branch of the dungeon, and saw 3 of its levels.

You collected 88 gold pieces.

Inventory:

Hand Weapons
 a - a +0 flail (weapon)
Armour
 b - a +0 scale mail (worn)
 c - a +0 kite shield (worn)
 l - a scarf of invisibility (worn)
Scrolls
 e - 2 scrolls of identify {unknown}
 f - a scroll of vulnerability {unknown}
 g - a scroll of teleportation {unknown}
 i - a scroll of fear {unknown}
 m - a scroll of magic mapping {unknown}
Potions
 h - a potion of ambrosia {unknown}
 j - 2 potions of flight {unknown}
 k - a potion of magic {unknown}


   Skills:
 * Level 4.1 Fighting
 * Level 3.5 Maces & Flails
 - Level 2.4 Armour
 + Level 3.0 Shields
 + Level 0.4 Evocations


You had 3 spell levels left.
You didn't know any spells.
Your spell library was empty.

Dungeon Overview and Level Annotations

Branches:
Dungeon (3/15)

Altars:


Innate Abilities, Weirdness & Mutations

You are completely covered in rugged brown scales. (AC +3, +7% HP)
You have supernaturally acute eyesight. (SInv)
Armour fits poorly on your strangely shaped body.
You can roll at nearby foes to attack.
You have a long armoured tail.


Message History

An orc comes into view. It is wielding a +0 mace.
The orc hits you with a +0 hand axe.
The orc shouts!
You hit the orc.
The orc is almost dead.
You block the orc's attack.
An orc comes into view. It is wielding a +0 war axe.
The orc shouts!
You sock the orc!
You kill the orc!
You completely miss the orc priest.
The orc priest begins to cast a cantrip, but forgets the words!
You closely miss the orc priest. You tail-slap the orc priest.
The orc priest is heavily wounded.
The orc hits you with a +0 mace. The orc priest hits you with a +0 mace.
You block the orc's attack.
The orc priest calls down the wrath of Beogh upon you.
Beogh smites you!
You closely miss the orc priest.
Your tail-slap misses the orc priest.
The orc priest is heavily wounded.
The orc hits you with a +0 mace. The orc priest hits you with a +0 mace.
You hit the orc priest but do no damage.
You tail-slap the orc priest, but do no damage.
The orc priest is heavily wounded.
The orc hits you but does no damage. The orc priest hits you with a +0 mace.
* * * LOW HITPOINT WARNING * * *
The orc hits you with a +0 mace.
* * * LOW HITPOINT WARNING * * *
You feel very mighty all of a sudden.
The orc priest looks encouraged for a moment.
You sock the orc priest!
You kill the orc priest!
Your Fighting skill increases to level 4!
Your Shields skill increases to level 3!
You sock the orc!
You kill the orc!
You closely miss the orc. The orc hits you with a +0 war axe.
* * * LOW HITPOINT WARNING * * *
The orc hits you with a +0 war axe.
You die...

#..........Y# #.#
#.....o....S#####.#
#..........)†.....#
#.....o.....##########
#......###.....YS.....
#.....)###.###########
#......o.......#.....#
#########.########.###.#
.......@o..........# #.#
.########.########## #.#
#....†<#....Y...# #..
#.#############.# ###
#.# #........#.# #
#.####.####...#.# #
#........##...#Y#######
######.#.##...#.#......
#.#..).....#.#####


You could see an orc.

Vanquished Creatures
  An orc priest (D:3)
  2 adders (D:2)
  A worm (D:2)
  3 dart slugs
  3 orcs (D:3)
  7 endoplasms
  2 giant cockroaches
  2 goblins (D:1)
  5 hobgoblins
  11 jackals
  5 kobolds
  A quokka (D:3)
  5 ball pythons
  4 bats
  4 frilled lizards
  3 rats (D:1)
59 creatures vanquished.

Notes
Turn   | Place    | Note
-------+----------+-------------------------------------------
     0 | D:1      | ABBCCCDDDD the Palentonga Fighter began the quest for the
                  | Orb.
     0 | D:1      | Reached XP level 1. HP: 19/19 MP: 1/1
   323 | D:1      | Reached XP level 2. HP: 25/25 MP: 2/2
  1060 | D:1      | Reached XP level 3. HP: 30/31 MP: 3/3
  1631 | D:2      | HP: 1/31 [adder (3)]
  2187 | D:2      | Reached XP level 4. HP: 33/39 MP: 4/4
  2895 | D:3      | Noticed an ice beast
  3199 | D:3      | Reached skill level 4 in Fighting
  3200 | D:3      | Slain by an orc

Illustrated notes

Levels and vault maps discovered:
D:1:      dpeg_arrival_subterranean_lakeside_camping, layout_basic, minivault_23
D:2:      layout_loops_corners
D:3:      layout_basic

Skill      XL: |  1  2  3  4 |
---------------+-------------+-----
Maces & Flails | 3 |  3.5
Fighting       | 4 |  4.1
Shields        | 3 |  3.0
Armour         | |  2.4
Evocations     | |  0.4

Action                   |  1- 3 |  4- 6 || total
-------------------------+-------+-------++-------
Melee: Flail             |   138 |    81 ||   219
       Tailslap          |    11 |     7 ||    18
  Use: Potion            |       |     1 ||     1
Armor: Scale mail        |    88 |    47 ||   135
Dodge: Dodged            |    35 |    16 ||    51
Block: Kite shield       |    68 |    34 ||   102

Table legend: (Time is in decaauts)
 A = Elapsed time spent in this place.
 B = Non-inter-level travel time spent in this place.
 C = Inter-level travel time spent in this place.
 D = Time resting spent in this place.
 E = Time spent auto-exploring this place.
 F = Levels seen in this place.
 G = Mean time per level.
                   A        B        C        D        E       F      G
               +--------+--------+--------+--------+--------+-----+--------+
         Total |   3305 |   3205 |    100 |    889 |   1729 |   3 | 1101.7 |
       Dungeon |   3305 |   3205 |    100 |    889 |   1729 |   3 | 1101.7 |
               +--------+--------+--------+--------+--------+-----+--------+

Top non-repeatable levels by time:
     D:2: 1652 daAuts
     D:1: 1149 daAuts
     D:3: 503 daAuts
